 Dungeon Crawl Stone Soup version 0.29.1-12-g30fa7ad0bf (webtiles) character file.

Game seed: 2765057605559734957

354 Radix the Trooper (level 6, 49/49 HPs)
             Began as a Human Fighter on Dec 28, 2022.
             Quit the game on level 4 of the Dungeon.
             The game lasted 00:08:05 (3224 turns).

Radix the Trooper (Human Fighter)                   Turns: 3224, Time: 00:08:06

Health: 49/49      AC:  7    Str: 17    XL:     6   Next: 95%
Magic:  6/6        EV:  9    Int: 10    God:
Gold:   177        SH:  5    Dex: 12    Spells: 5/5 levels left

rFire   . . .      SeeInvis .   a - +0 rapier
rCold   . . .      Faith    .   c - +0 buckler
rNeg    . . .      Spirit   +   b - +0 scale mail
rPois   .          Reflect  .   (no helmet)
rElec   .          Harm     .   (no cloak)
rCorr   .          Rampage  .   (no gloves)
Will    +....                   (no boots)
Stlth   ..........              f - amulet of guardian spirit
HPRegen 0.16/turn               h - ring of willpower
MPRegen 0.10/turn               (no ring)

@: no status effects
A: no striking features
a: no special abilities


You were on level 4 of the Dungeon.
You visited 1 branch of the dungeon, and saw 4 of its levels.

You collected 177 gold pieces.

Inventory:

Hand Weapons
 a - a +0 rapier (weapon)
 u - a +0 scimitar
Missiles
 s - 5 boomerangs (quivered)
Armour
 b - a +0 scale mail (worn)
 c - a +0 buckler (worn)
Jewellery
 f - an amulet of guardian spirit (around neck)
 h - a ring of willpower (left hand)
Scrolls
 e - 2 scrolls of vulnerability {unknown}
 g - 2 scrolls of identify {unknown}
 k - a scroll of blinking {unknown}
 l - a scroll of silence {unknown}
 m - a scroll of immolation {unknown}
 o - a scroll of summoning {unknown}
 p - a scroll of amnesia {unknown}
 q - a scroll of magic mapping {unknown}
 t - a scroll of enchant weapon {unknown}
Potions
 d - a potion of might
 i - a potion of flight {unknown}
 j - a potion of curing {unknown}
 n - a potion of heal wounds {unknown}
 r - a potion of brilliance {unknown}


   Skills:
 + Level 4.4 Fighting
 + Level 3.7 Short Blades
 + Level 4.4 Armour
 + Level 4.4 Shields


You had 5 spell levels left.
You didn't know any spells.
Your spell library contained the following spells:

 Spells                   Type           Power      Damage    Failure   Level
 Shock                    Conj/Air       0%         1d3       83%         1
 Swiftness                Air            0%         N/A       99%         3
 Tukima's Dance           Hex            0%         N/A       99%         3
 Airstrike                Air            0%         2d(0-16)  100%        4
 Passage of Golubria      Tloc           0%         N/A       100%        4
 Yara's Violent Unravell  Hex/Tmut       0%         3d3       100%        5


Dungeon Overview and Level Annotations

Branches:
Dungeon (4/15)
 Temple: D:4-7

Altars:


Message History

The quokka bites you. The howler monkey barely misses you.
You hit the howler monkey.
You kill the howler monkey!
The quokka bites you.
The hobgoblin hits you but does no damage.
The hobgoblin attacks as you move away!
The hobgoblin hits you but does no damage.
The quokka closely misses you.
The quokka bites you but does no damage.
The hobgoblin attacks as you move away! The hobgoblin barely misses you.
There is an open door here.
The hobgoblin attacks as you move away! The hobgoblin hits you.
You barely miss the quokka.
The quokka bites you but does no damage.
You hit the quokka.
You kill the quokka!
You puncture the hobgoblin!
You kill the hobgoblin!
There is an open door, spattered with blood here.
You start resting.
Magic restored.
You start resting.
HP restored.
You now have 177 gold pieces (gained 15).
You open the door.
There is an open door here.
You open the door.
There is an open door here.
You open the door.
There is an open door here.
You pick up a book of Air and begin reading...
You add the spells Shock, Swiftness and Airstrike to your library.
Found a stone staircase leading down.
Found a scimitar.
t - a scroll labelled NUSUSH IDOUNUI You see here a +0 scimitar.
u - a +0 scimitar Unknown command.
Unknown command.
Are you sure you want to abandon this character and quit the game? (Confirm with "yes".)

#.........#.
....#.........'.
....#######'#### #..
...............# #...
...............# #....
......o........# #....
..##...........#
#....####...#####+#.....#
.......@# #....##
####>...# #....'. #....#
######....#. #....+
..........#. #....#
..........##
#....####............
+....................
#....................
#....................


There were no monsters in sight!

Vanquished Creatures
  Grinder (D:3)
  A howler monkey (D:4)
  2 orc wizards (D:4)
  2 gnolls (D:3)
  3 adders
  A worm (D:2)
  7 orcs (D:4)
  2 endoplasms (D:2)
  A giant cockroach (D:2)
  3 goblins
  5 hobgoblins
  3 kobolds
  2 quokkas
  A ball python (D:1)
  A frilled lizard (D:2)
  4 rats (D:2)
39 creatures vanquished.

Notes
Turn   | Place    | Note
-------+----------+-------------------------------------------
     0 | D:1      | Radix the Human Fighter began the quest for the Orb.
     0 | D:1      | Reached XP level 1. HP: 18/18 MP: 1/1
    42 | D:1      | You fall into a shaft and drop 1 floor!
   190 | D:2      | Reached XP level 2. HP: 22/24 MP: 2/2
   608 | D:1      | Reached XP level 3. HP: 19/29 MP: 3/3
  1046 | D:1      | Found a faded altar of an unknown god.
  1725 | D:2      | Reached XP level 4. HP: 29/35 MP: 2/4
  2074 | D:3      | Noticed Grinder
  2085 | D:3      | Paralysed by Grinder for 3 turns
  2108 | D:3      | Killed Grinder
  2109 | D:3      | Reached XP level 5. HP: 8/42 MP: 2/5
  2109 | D:3      | Reached XP level 6. HP: 9/48 MP: 2/6
  2583 | D:3      | Noticed an ogre
  3224 | D:4      | Quit the game

Illustrated notes

Levels and vault maps discovered:
D:1:      dpeg_arrival_shrine, layout_rooms,
          hellmonk_ecumenical_altar_pennies_from_heaven
D:2:      layout_loops_corners, dk_noncrumbling_4, eino_tiny_chamber,
          minmay_close_crescents
D:3:      layout_basic, serial_shops, nicolae_lakefront_shop, uniq_grinder,
          uniq_robin
D:4:      layout_gridville, grunt_temple_overflow_open,
          minmay_temple_entry_mini_moons

Skill      XL: |  1  2  3  4 |
---------------+-------------+-----
Fighting       | 4 |  4.4
Short Blades   | 3 |  3.7
Armour         | 4 |  4.4
Shields        | 4 |  4.4

Action                   |  1- 3 |  4- 6 || total
-------------------------+-------+-------++-------
Melee: Rapier            |    80 |   103 ||   183
Evoke: Wand              |       |     8 ||     8
Armor: Scale mail        |    40 |    44 ||    84
Dodge: Dodged            |    24 |    31 ||    55
Block: Buckler           |    16 |    28 ||    44
